 Dungeon Crawl Stone Soup version 0.29.1-2-gbd0b4ee654 (webtiles) character file.

Game seed: 8440779856232268000

18 GeoRichter the Conjurer (level 2, -1/15 HPs)
             Began as a Tengu Conjurer on Nov 14, 2022.
             Slain by a ball python (3 damage)
             ... on level 1 of the Dungeon.
             The game lasted 00:00:51 (296 turns).

GeoRichter the Conjurer (Tengu Conjurer)             Turns: 296, Time: 00:00:51

Health: -1/15      AC:  2    Str:  7    XL:     2   Next: 70%
Magic:  3/6        EV: 12    Int: 18    God:
Gold:   23         SH:  0    Dex: 12    Spells: 4/5 levels left

rFire   . . .      SeeInvis .   e - +0 dagger
rCold   . . .      Faith    .   (no shield)
rNeg    . . .      Spirit   .   a - +0 robe
rPois   .          Reflect  .   (helmet restricted)
rElec   .          Harm     .   (no cloak)
rCorr   .          Rampage  .   (no gloves)
Will    .....                   (boots unavailable)
Stlth   ++........              (no amulet)
HPRegen 0.05/turn               (no ring)
MPRegen 0.10/turn               (no ring)

@: no status effects
A: beak, talons 3
a: no special abilities


You were on level 1 of the Dungeon.
You visited 1 branch of the dungeon, and saw 1 of its levels.

You collected 23 gold pieces.

Inventory:

Hand Weapons
 e - a +0 dagger (weapon)
   (You took it off a kobold on level 1 of the Dungeon)
Armour
 a - a +0 robe (worn)
Scrolls
 d - a scroll of silence {unknown}
 f - a scroll of immolation {unknown}
 g - a scroll of poison {unknown}
Potions
 c - a potion of might {unknown}


   Skills:
 - Level 2.1 Dodging
 - Level 2.0 Stealth
 + Level 2.3 Spellcasting
 * Level 6.0 Conjurations


You had 4 spell levels left.
You knew the following spells:

 Your Spells              Type           Power      Damage    Failure   Level
a - Magic Dart            Conj           92%        1d7       1%          1

Your spell library contained the following spells:

 Spells                   Type           Power      Damage    Failure   Level
 Searing Ray              Conj           46%        2d6       2%          2
 Dazzling Flash           Conj/Hex       24%        N/A       16%         3
 Fulminant Prism          Conj/Hex       6%         3d7       45%         4
 Iskenderun's Mystic Bla  Conj/Tloc      12%        2d5       45%         4


Dungeon Overview and Level Annotations

Branches:
Dungeon (1/15) Zot: 5703

Altars:


Innate Abilities, Weirdness & Mutations

You have a beak for a mouth.
You have claws for feet.


Message History

A ball python comes into view.
A jackal comes into view.
The magic dart hits the frilled lizard.
You kill the frilled lizard!
The ball python hisses angrily.
The magic dart hits the rat!
You kill the rat!
A hobgoblin comes into view.
The magic dart hits the jackal.
The hobgoblin shouts!
The magic dart hits the jackal.
You are out of magic!
You are out of magic!
The jackal attacks as you move away! The jackal closely misses you.
The jackal bites you but does no damage.
The jackal bites you. The jackal attacks as you move away!
The jackal bites you. x2
The jackal attacks as you move away! The jackal bites you.
* * * LOW HITPOINT WARNING * * *
The jackal attacks as you move away! The jackal closely misses you.
The magic dart hits the jackal.
You kill the jackal!
Your Conjurations skill increases to level 6!
Aim: a jackal (heavily wounded, 100% to hit)
The magic dart hits the jackal.
The jackal bites you.
* * * LOW HITPOINT WARNING * * *
The jackal misses you.
You miss the jackal. The jackal closely misses you.
The jackal barely misses you. The jackal bites you.
* * * LOW HITPOINT WARNING * * *
The jackal barely misses you. Magic courses through your body.
The jackal barely misses you. The jackal closely misses you.
You are too injured to fight recklessly!
Aim: a jackal (almost dead, 100% to hit)
The magic dart hits the jackal.
You kill the jackal!
The jackal bites you.
* * * LOW HITPOINT WARNING * * *
Aim: a jackal (lightly wounded, 100% to hit)
The magic dart hits the jackal.
The jackal bites you.
* * * LOW HITPOINT WARNING * * *
The ball python bites you but does no damage.
The ball python barely misses you. The jackal closely misses you.
Aim: a jackal (heavily wounded, 100% to hit)
The magic dart hits the jackal.
The ball python bites you.
You die...

#................#
...###...........##########
.......###..............[.##
...##### ##...>..########..#
.[..#######......# #..#
................## ######..#
........###..#### ##.......#
......#.# ##..#####.......##
##.#..#.# #..##@##..######
##.##.#.####..gSh##..######
##.##........#.####.......##
.#.###......÷..## ##.......#
.... ##....#....## ######..#
##.. #.##.......# ###..#..#
#.. #.###....).###.......#
#... ..# #..S...##...<...##
..†. ##.....##..#..###


You could see a jackal, a hobgoblin and a ball python.

Vanquished Creatures
  A dart slug (D:1)
  3 jackals (D:1)
  A kobold (D:1)
  3 ball pythons (D:1)
  2 bats (D:1)
  2 frilled lizards (D:1)
  2 goblins (D:1)
  3 rats (D:1)
17 creatures vanquished.

Notes
Turn   | Place    | Note
-------+----------+-------------------------------------------
     0 | D:1      | GeoRichter the Tengu Conjurer began the quest for the Orb.
     0 | D:1      | Reached XP level 1. HP: 10/10 MP: 4/4
   168 | D:1      | Reached XP level 2. HP: 15/15 MP: 4/6
   291 | D:1      | Reached skill level 6 in Conjurations
   296 | D:1      | Slain by a ball python

Illustrated notes

Levels and vault maps discovered:
D:1:      minmay_arrival_wavy_path, layout_rooms

Skill      XL: |  1  2 |
---------------+-------+-----
Conjurations   | 6 |  6.0
Dodging        | |  2.1
Stealth        | |  2.0
Spellcasting   | |  2.3

Action                   || total
-------------------------++-------
Melee: Dagger            ||     1
 Cast: Magic Dart        ||    26
  Use: Potion            ||     1
Armor: Robe              ||     2
Dodge: Dodged            ||    10
